 Dungeon Crawl Stone Soup version 0.31-a0-620-gd1cbd99268 (webtiles) character file.

Game seed: 13940975413841313192

4731 zenocrate the Martial Artist (level 10, -3/63 HPs)
             Began as an Octopode Shapeshifter on Aug 23, 2023.
             Was an Initiate of Gozag.
             Slain by a yak (16 damage)
             ... on level 9 of the Dungeon.
             The game lasted 00:12:34 (8726 turns).

zenocrate the Martial Artist (OpSh)                 Turns: 8726, Time: 00:12:35

Health: -3/63      AC:  1    Str: 21    XL:     10   Next: 46%
Magic:  12/14      EV: 21    Int: 10    God:    Gozag
Gold:   346        SH:  0    Dex: 35    Spells: 12/14 levels left

rFire   . .          .
                       - Unarmed
rCold   . . .        (shield currently unavailable)
rNeg    . . .        (helmet restricted)
rPois   .            (no amulet)
rElec   .            k - +6 ring of dexterity
rCorr   +            n - +6 ring of dexterity
SInv    .            w - +5 ring of evasion
Will    .....        x - +6 ring of strength
Stlth   ++           p - +6 ring of dexterity
HPRegen 0.30/turn    F - ring of resist corrosion
MPRegen 0.14/turn    (no ring)
                     (no ring)

%: no passive effects
@: flux-form, wereblooded, gold aura, hasted, glowing, very quick
A: glow, contaminating, reduced hp, almost no armour, amphibious, 8 rings,
camouflage 1, gelatinous body 1, (nimble swimmer 1), tentacles
a: Begin Untransformation, Renounce Religion, Potion Petition, Call Merchant,
Bribe Branch


You were on level 9 of the Dungeon.
You worshipped Gozag.
Gozag was aware of your devotion.
You were something dangerously unstable.
You visited 2 branches of the dungeon, and saw 10 of its levels.

You collected 1087 gold pieces.
You paid 741 gold pieces to Gozag.

Inventory:

Missiles
 e - 3 atropa-tipped darts
 g - 26 poisoned darts (quivered)
 i - a throwing net
 q - 8 boomerangs
Jewellery
 a - a ring of ice
 k - a +6 ring of dexterity (left tentacle)
 n - a +6 ring of dexterity (right tentacle)
 p - a +6 ring of dexterity (on tentacle)
 w - a +5 ring of evasion (on tentacle)
 x - a +6 ring of strength (on tentacle)
 F - a ring of resist corrosion (on tentacle)
Talismans
 b - a beast talisman
 c - a flux talisman (active)
 s - a serpent talisman
 t - a granite talisman
Wands
 u - a wand of polymorph (11)
 v - a wand of iceblast (19)
 C - a wand of mindburst (4)
 G - a wand of charming (9)
Scrolls
 h - 2 scrolls of enchant weapon
 l - 3 scrolls of teleportation
 y - 2 scrolls of butterflies
 B - a scroll of immolation
 E - 2 scrolls of revelation
 H - a scroll of vulnerability {unknown}
Potions
 d - a potion of attraction
 f - 2 potions of enlightenment
 j - 2 potions of might
 m - 2 potions of curing
 o - a potion of mutation
 r - a potion of ambrosia
 A - a potion of brilliance
 D - a potion of lignification


   Skills:
 - Level 6.3 Fighting
 - Level 3.0 Dodging
 - Level 3.8 Stealth
 + Level 9.3 Unarmed Combat
 + Level 2.7 Spellcasting
 + Level 4.0 Transmutations
 - Level 6.0 Evocations
 - Level 6.2 Shapeshifting


You had 12 spell levels left.
You knew the following spells:

 Your Spells              Type           Power      Damage    Failure   Level
a - Wereblood             Tmut           9%         N/A       9%          2

Your spell library contained the following spells:

 Spells                   Type           Power      Damage    Failure   Level
 Freeze                   Ice            4%         1d3       28%         1
 Necrotise                Necr           4%         1d4       28%         1
 Sublimation of Blood     Necr           1%         N/A       41%         2
 Ignite Poison            Fire/Tmut/Pois 4%         N/A       45%         3
 Frozen Ramparts          Ice            2%         1d1       65%         3
 Hailstorm                Conj/Ice       1%         3d3       65%         3
 Summon Guardian Golem    Hex/Summ       1%         N/A       65%         3
 Vampiric Draining        Necr           1%         2d6       65%         3
 Sticky Flame             Conj/Fire      1%         2d3       96%         4
 Agony                    Necr           1%         N/A       100%        5
 Orb of Destruction       Conj           0%         9d5       100%        7
 Spellforged Servitor     Conj/Summ      0%         N/A       100%        7
 Summon Hydra             Summ           0%         N/A       100%        7
 Ignition                 Fire           0%         3d3       100%        8


Dungeon Overview and Level Annotations

Branches:
Dungeon (9/15)             Temple (1/1) D:4            Lair (0/5) D:9
    Orc: D:9-12

Altars:
Ashenzari
Cheibriados
Dithmenos
Elyvilon
Fedhas
Gozag
Hepliaklqana
Kikubaaqudgha
Makhleb
Nemelex Xobeh
Okawaru
Qazlal
Ru
Sif Muna
Trog
Uskayaw
Vehumet
Wu Jian
Xom
Yredelemnul
Zin
The Shining One


Innate Abilities, Weirdness & Mutations

You are something dangerously unstable.
You glow with magical radiation, making you easy to see and hit.
Foes you strike become dangerously contaminated with magical radiation.
Your maximum health is decreased, since you lack skill for your form.
You are incapable of wielding weapons or throwing items.
You cannot wear most types of armour.
You are amphibious.
You can wear up to eight rings at the same time.
Your skin changes colour to match your surroundings (Stealth+).
Your rubbery body absorbs attacks. (AC +1, EV +1)
((You are camouflaged when in or above water. (Stealth+)))
You have tentacles for arms and can constrict up to eight enemies at once.


Message History

The yak twists and deforms.
The yak is almost dead.
You hear an angry hiss.
You tentacle-slap the yak.
The yak begins to glow.
The yak is lightly wounded.
You tentacle-slap the yak.
The yak glows dangerously bright.
You squeeze the yak.
The yak is lightly wounded.
You tentacle-slap the yak.
The yak shudders as magic cascades through it.
The yak twists and deforms.
You squeeze the yak!
The yak is heavily wounded.
You tentacle-slap the yak but do no damage.
The yak begins to glow.
The yak is heavily wounded.
The yak barely misses you.
You tentacle-slap the yak.
The yak glows dangerously bright.
The yak is heavily wounded.
The yak completely misses you.
You tentacle-slap the yak.
The yak shudders as magic cascades through it!!
You feel a bit better.
You kill the yak!
Your Transmutations skill increases to level 4!
You completely miss the yak.
You howl as the wereblood boils in your veins!
The yak completely misses you.
You completely miss the yak. You squeeze the yak, but do no damage.
You howl as the wereblood boils in your veins!
You hear an angry hiss.
You bludgeon the yak!
The yak begins to glow.
The yak is moderately wounded.
You howl as the wereblood boils in your veins!
The yak gores you! x2
* * * LOW HITPOINT WARNING * * *
The water moccasin is distracted by your dazzling golden aura.
The water moccasin hisses angrily.
You feel yourself speed up. The yak completely misses you. The yak gores you!
You die...
Your body crumbles into a pile of gold. .... ..... ..... ...>.. # ...... #.. ....# .... #..## ##P.PPP

#YB##P......
##Y#.P.PP.Y.
#S.P....P..
##........P
P....PPPP♣
#.......P..
#P..P...>.S
#......P...
#♣.P...P..♣


You could see 2 yaks and a water moccasin.

Vanquished Creatures
  Pikel (D:7)
  3 yaks
  A wyvern (D:9)
  A basilisk (D:9)
  2 steam dragons
  2 acid dragons
  4 water moccasins
  Duvessa (D:5)
  4 orc warriors
  A black bear (D:4)
  An ice beast (D:6)
  A sky beast (D:7)
  3 centaurs (D:8)
  2 lemures
  3 bullfrogs
  A kobold brigand (D:7)
  2 scorpions
  Dowan (D:5)
  8 wights
  3 howler monkeys
  2 hounds
  2 orc priests (D:7)
  A gnoll bouda (D:5)
  2 jellies (D:5)
  3 iguanas
  3 sleepcaps
  5 orc wizards
  4 gnolls (D:6)
  9 adders
  3 white imps
  2 ufetubi (D:6)
  A worm (D:3)
  A dart slug (D:4)
  13 orcs
  11 endoplasms
  2 giant cockroaches (D:5)
  7 goblins
  10 hobgoblins
  7 quokkas
  5 ball pythons
  2 bats
  A frilled lizard (D:2)
  8 kobolds
  6 rats
155 creatures vanquished.

Notes
Turn   | Place    | Note
-------+----------+-------------------------------------------
     0 | D:1      | zenocrate the Octopode Shapeshifter began the quest for the
                  | Orb.
     0 | D:1      | Reached XP level 1. HP: 13/13 MP: 1/1
   162 | D:1      | Reached XP level 2. HP: 15/18 MP: 2/2
   738 | D:2      | Reached skill level 1 in Stealth
   738 | D:2      | Reached XP level 3. HP: 23/23 MP: 3/3
   790 | D:2      | Found an ornate altar of the Wu Jian Council.
  1112 | D:2      | Reached XP level 4. HP: 28/28 MP: 4/4
  1529 | D:3      | Found a stormy altar of Qazlal.
  2055 | D:4      | Noticed a black bear
  2058 | D:4      | Reached skill level 4 in Unarmed Combat
  2068 | D:4      | Killed a black bear
  2069 | D:4      | Reached XP level 5. HP: 25/33 MP: 5/5
  2123 | D:4      | Found a bloodstained altar of Trog.
  2148 | D:4      | Noticed a water moccasin
  2157 | D:4      | Killed a water moccasin
  2158 | D:4      | Reached skill level 1 in Spellcasting
  2158 | D:4      | Reached XP level 6. HP: 26/38 MP: 5/7
  2313 | D:4      | Found a staircase to the Ecumenical Temple.
  2320 | Temple   | Entered the Ecumenical Temple
  2329 | Temple   | Became a worshipper of Gozag Ym Sagoz the Greedy
  2368 | D:4      | Found a shadowy altar of Dithmenos.
  2571 | D:4      | Reached skill level 5 in Unarmed Combat
  2630 | D:4      | Found an iron altar of Okawaru.
  3388 | D:5      | Entered Level 5 of the Dungeon
  3464 | D:5      | Reached XP level 7. HP: 43/43 MP: 8/8
  3517 | D:5      | Reached skill level 5 in Shapeshifting
  3606 | D:5      | Found a broken altar of Ashenzari.
  3608 | D:5      | Noticed Dowan
  3610 | D:5      | Noticed Duvessa
  3626 | D:5      | Killed Duvessa
  3634 | D:5      | Killed Dowan
  3778 | D:5      | Found a radiant altar of Vehumet.
  4759 | D:6      | Reached skill level 6 in Unarmed Combat
  4759 | D:6      | Reached skill level 1 in Evocations
  4759 | D:6      | Reached XP level 8. HP: 20/48 MP: 9/9
  5034 | D:6      | You fall into a shaft and drop 2 floors!
  5034 | D:8      | Found a white marble altar of Elyvilon.
  5034 | D:8      | Found a snail-covered altar of Cheibriados.
  5396 | D:7      | Found a shimmering blue altar of Sif Muna.
  5433 | D:7      | Learned a level 2 spell: Wereblood
  5591 | D:7      | Reached skill level 7 in Unarmed Combat
  5723 | D:7      | Noticed Pikel
  5832 | D:6      | Reached XP level 9. HP: 27/55 MP: 10/10
  6456 | D:6      | Reached skill level 5 in Evocations
  6918 | D:7      | Killed Pikel
  6919 | D:7      | Reached skill level 5 in Fighting
  6919 | D:7      | Reached skill level 8 in Unarmed Combat
  7169 | D:7      | Reached skill level 1 in Transmutations
  7676 | D:7      | Reached XP level 10. HP: 38/68 MP: 11/11
  8478 | D:8      | Reached skill level 9 in Unarmed Combat
  8603 | D:8      | Found a glowing golden altar of the Shining One.
  8682 | D:9      | Found a staircase to the Lair.
  8726 | D:9      | Slain by a yak

Illustrated notes

Levels and vault maps discovered:
D:1:      lightli_arrival_quake, layout_rooms, minmay_tetromino_o2
D:2:      layout_basic, basic_altar
D:3:      layout_loops_ring, mainiacjoe_overflow_paths
D:4:      layout_loops_corners, mainiacjoe_overflow_tiny_flanked,
          nicolae_dithmenos_the_darkroom, bloody_trog,
          minmay_temple_entry_arrows
D:5:      layout_basic, mainiacjoe_overflow_six_doors_small,
          evilmike_ruin_ashenzari, gup_sewer_entry_pipe,
          minmay_misc_feat_ornament, hangedman_decor_diamond_cutter,
          minivault_14, uniq_duvessa
D:6:      minmay_chambers_of_sixes, layout_cave_pools, nicolae_benzene_ring,
          hangedman_decor_points, minmay_misc_feat_cross
D:7:      layout_gridville, mainiacjoe_overflow_catwalk, enter_bailey_4,
          uniq_pikel
D:8:      layout_cave_pools, lemuel_round_altar,
          chequers_temple_overflow_statue_of_worship
D:9:      layout_cave_pods, minmay_lair_entry_grove, minivault_26,
          chequers_serial_rivers_micro_a, minivault_1
Temple:   hellmonk_temple_flake

Skill      XL: |  1  2  3  4  5  6  7  8  9 10 |
---------------+-------------------------------+-----
Stealth        | 1 2 3 |  3.8
Dodging        | 3 |  3.0
Unarmed Combat | 4 5 6 7 8 9 |  9.3
Spellcasting   | 1 2 |  2.7
Shapeshifting  | 4 6 |  6.2
Evocations     | 1 4 6 |  6.0
Fighting       | 3 6 |  6.3
Transmutations | 2 4 |  4.0

Action                     |  1- 3 |  4- 6 |  7- 9 | 10-12 || total
---------------------------+-------+-------+-------+-------++-------
  Melee: Unarmed           |    61 |    55 |   199 |    66 ||   381
         Constrict         |     9 |    13 |    54 |    11 ||    87
         Punch             |     4 |     4 |     3 |       ||    11
         Tentacles         |     4 |     6 |    58 |    20 ||    88
  Throw: Dart              |       |     5 |     2 |       ||     7
   Cast: Wereblood         |       |       |       |     5 ||     5
 Invoke: Potion Petition   |       |       |     1 |       ||     1
  Evoke: Wand              |       |       |     6 |     1 ||     7
    Use: Scroll            |     5 |     5 |     7 |     1 ||    18
         Potion            |       |     1 |    10 |     1 ||    12
   Stab: Sleeping          |     9 |     5 |     7 |       ||    21
         Distracted        |       |       |     2 |     2 ||     4
 Armour: Skin              |     2 |     9 |    16 |     3 ||    30
  Dodge: Dodged            |    33 |    21 |   158 |    65 ||   277
   Form: Flux              |       |       |     1 |       ||     1

Table legend: (Time is in decaauts)
 A = Elapsed time spent in this place.
 B = Non-inter-level travel time spent in this place.
 C = Inter-level travel time spent in this place.
 D = Time resting spent in this place.
 E = Time spent auto-exploring this place.
 F = Levels seen in this place.
 G = Mean time per level.
                   A        B        C        D        E       F      G
               +--------+--------+--------+--------+--------+-----+--------+
         Total |   8675 |   8296 |    379 |    128 |   6908 |  10 |  867.5 |
       Dungeon |   8657 |   8286 |    371 |    128 |   6908 |   9 |  961.9 |
        Temple |     18 |     10 |      8 |      0 |      0 |   1 |   18.0 |
               +--------+--------+--------+--------+--------+-----+--------+

Top non-repeatable levels by time:
     D:7: 2028 daAuts
     D:4: 1426 daAuts
     D:6: 1225 daAuts
     D:5: 1205 daAuts
     D:2: 866 daAuts
     D:8: 742 daAuts
     D:3: 630 daAuts
     D:1: 494 daAuts
     D:9: 37 daAuts
  Temple: 18 daAuts
